 Dungeon Crawl Stone Soup version 0.20.1-1-g8b1a95d (webtiles) character file.

51 Michaellaneous the Caller (level 3, -1/19 HPs)
             Began as a Deep Elf Summoner on Oct 26, 2017.
             Killed from afar by an orc wizard (6 damage)
             ... with a magic dart
             ... on level 3 of the Dungeon.
             The game lasted 00:09:32 (1546 turns).

Michaellaneous the Caller (Deep Elf Summoner)       Turns: 1546, Time: 00:09:32

Health: -1/19      AC:  2    Str:  5    XL:     3   Next: 58%
Magic:  3/10       EV: 13    Int: 20    God:
Gold:   153        SH:  0    Dex: 15    Spells: 1/10 levels left

rFire    . . .     SeeInvis .   g - +0 dagger
rCold    . . .     Gourm    .   (no shield)
rNeg     . . .     Faith    .   a - +0 robe
rPois    .         Spirit   .   (no helmet)
rElec    .         Reflect  .   (no cloak)
rCorr    .         Harm     .   (no gloves)
MR       .....                  (no boots)
Stlth    +.........             (no amulet)
Regen    0.1/turn               (no ring)
MPRegen  0.2/turn               (no ring)

@: confused
A: no striking features
a: no special abilities


You were on level 3 of the Dungeon.
You were hungry.

You visited 1 branch of the dungeon, and saw 3 of its levels.

You collected 153 gold pieces.

Inventory:

Hand Weapons
 g - a +0 dagger (weapon)
Armour
 a - a +0 robe (worn)
Jewellery
 i - an uncursed amulet of regeneration {unknown}
 l - a cursed ring of teleportation {unknown}
Scrolls
 d - a scroll of recharging {unknown}
 j - a scroll of teleportation {unknown}
 k - a scroll of enchant weapon {unknown}
 m - 2 scrolls of immolation
 p - a scroll of identify {unknown}
 q - a scroll of fear {unknown}
Potions
 e - a potion of magic {unknown}
 f - a potion of mutation {unknown}
 h - a potion of curing {unknown}
 r - a potion of agility
 s - a potion of lignification {unknown}
Books
 b - a book of Callings

   Spells                             Type                      Level
   a - Summon Small Mammal            Summoning                    1
   b - Call Imp                       Summoning                    2
   c - Call Canine Familiar           Summoning                    3
   d - Summon Guardian Golem          Hexes/Summoning              3
   e - Summon Lightning Spire         Summoning/Air                4
   f - Summon Ice Beast               Ice/Summoning                4
Comestibles
 c - 2 bread rations
 n - a chunk of flesh
 o - a meat ration


   Skills:
 + Level 2.8 Dodging
 + Level 3.3 Stealth
 * Level 4.0 Spellcasting
 * Level 4.8 Summonings


You had one spell level left.
You knew the following spells:

 Your Spells              Type           Power        Failure   Level  Hunger
a - Summon Small Mammal   Summ           ###.         1%          1    None
b - Call Imp              Summ           ###.....     2%          2    #......
c - Summon Guardian Gole  Hex/Summ       ##......     14%         3    ###....
d - Call Canine Familiar  Summ           ###.....     5%          3    ###....


Dungeon Overview and Level Annotations

Branches:
Dungeon (3/15)

Altars:


Message History

The orc is heavily wounded.
The orc hits you. The orc misses you.
You hear some strange, mumbled words.
You are confused.
You hit the orc.
The orc is almost dead.
An orc wizard appears from thin air!
Reactivating autopickup.
An orc wizard comes into view. It is wielding a dagger of speed.
The orc hits you. The orc hits you with a flail.
The orc wizard casts a spell.
The orc wizard flickers and vanishes!
Deactivating autopickup; reactivate with Ctrl-A.
The orc closely misses you. Something hits you.
* * * LOW HITPOINT WARNING * * *
You completely miss something. The orc misses you.
You hear some strange, mumbled words.
A magic dart appears from out of thin air!
The magic dart hits you!
You die...

###### ##### #....# #...
########....######.#######
.................)......>#
#####.##.{o.######.#####.#
# #.o@.# #.# #.# ######
#o# #.. #.# #### #.#
#######o##.####
.....{)<)......
...........####
........<..# ...........#


You could see 2 orcs.

Vanquished Creatures
  A kobold (D:2)
1 creature vanquished.

Vanquished Creatures (collateral kills)
  An orc wizard (D:3)
  A gnoll (D:1)
  An adder (D:2)
  A worm (D:2)
  3 orcs (D:3)
  2 giant cockroaches (D:1)
  4 goblins (D:1)
  3 hobgoblins
  9 jackals
  2 bats
  3 frilled lizards
  3 kobolds (D:1)
  2 rats (D:1)
35 creatures vanquished.

Grand Total: 36 creatures vanquished

Notes
Turn   | Place    | Note
-------+----------+-------------------------------------------
     0 | D:1      | Michaellaneous the Deep Elf Summoner began the quest for the Orb.
     0 | D:1      | Reached XP level 1. HP: 10/10 MP: 6/6
   272 | D:1      | Reached XP level 2. HP: 15/15 MP: 6/8
   700 | D:1      | Learned a level 2 spell: Call Imp
  1073 | D:2      | Reached XP level 3. HP: 9/19 MP: 8/10
  1479 | D:2      | Learned a level 3 spell: Summon Guardian Golem
  1483 | D:2      | Learned a level 3 spell: Call Canine Familiar
  1546 | D:3      | Killed from afar by an orc wizard

Skill      XL: |  1  2  3 |
---------------+----------+-----
Stealth        | 3 |  3.3
Spellcasting   | 4 |  4.0
Dodging        | |  2.8
Summonings     | |  4.8

Action                   || total
-------------------------++-------
Melee: Dagger            ||    11
 Cast: Summon Small Mamm ||    47
       Call Imp          ||    20
       Summon Guardian G ||     2
       Call Canine Famil ||     1
  Use: Scroll            ||     1
       Potion            ||     1
 Stab: Sleeping          ||     1
  Eat: Chunk             ||     2
Armor: Robe              ||     4
Dodge: Dodged            ||    17
